 Dungeon Crawl Stone Soup version 0.22.0-38-g04b72b8 (webtiles) character file.

421 PIttos the Shield-Bearer (level 6, 0/55 HPs)
             Began as a Minotaur Fighter on Aug 27, 2018.
             Killed by divine providence
             ... invoked by an orc priest
              (11 damage)
             ... on level 4 of the Dungeon.
             The game lasted 00:08:07 (2499 turns).

PIttos the Shield-Bearer (Minotaur Fighter)         Turns: 2499, Time: 00:08:08

Health: 0/55       AC:  7    Str: 22    XL:     6   Next: 62%
Magic:  5/5        EV:  8    Int:  5    God:
Gold:   125        SH: 10    Dex: 10    Spells: 5/5 levels left

rFire    . . .     SeeInvis .   a - +0 war axe
rCold    . . .     Gourm    .   c - +0 shield
rNeg     . . .     Faith    .   b - +0 scale mail
rPois    .         Spirit   .   (helmet restricted)
rElec    .         Reflect  .   (no cloak)
rCorr    .         Harm     .   (no gloves)
MR       .....                  (no boots)
Stlth    ..........             (no amulet)
HPRegen  0.18/turn              (no ring)
MPRegen  0.09/turn              (no ring)

@: no status effects
A: retaliatory headbutt, horns 2
a: no special abilities


You were on level 4 of the Dungeon.
You were hungry.

You visited 1 branch of the dungeon, and saw 4 of its levels.
You also visited: Sewer.

You collected 125 gold pieces.

Inventory:

Hand Weapons
 a - a +0 war axe (weapon)
Armour
 b - a +0 scale mail (worn)
 c - a +0 shield (worn)
 o - a +0 plate armour
Jewellery
 m - an uncursed ring of see invisible {unknown}
Wands
 t - a wand of enslavement (18)
Scrolls
 h - a scroll of enchant weapon {unknown}
 j - a scroll of fear {unknown}
 k - a scroll of fog {unknown}
 l - 2 scrolls of enchant armour {unknown}
 p - 3 scrolls of teleportation {unknown}
 q - 3 scrolls of noise {unknown}
 u - a scroll of identify {unknown}
 v - a scroll of immolation {unknown}
 w - a scroll of random uselessness {unknown}
Potions
 d - a potion of might
 e - a potion of brilliance {unknown}
 g - 2 potions of heal wounds {unknown}
 i - 2 potions of agility {unknown}
 n - 2 potions of curing {unknown}
 r - a potion of cancellation {unknown}
 s - a potion of berserk rage {unknown}
 x - a potion of flight {unknown}
Comestibles
 f - 7 rations


   Skills:
 + Level 4.8 Fighting
 + Level 5.5 Axes
 + Level 4.8 Armour
 + Level 1.0 Dodging
 + Level 0.3 Stealth
 + Level 5.7 Shields


You had 5 spell levels left.
You didn't know any spells.
Your spell library was empty.

Dungeon Overview and Level Annotations

Branches:
Dungeon (4/15)
 Temple: D:4-7

Altars:
Dithmenos
Hepliaklqana
Kikubaaqudgha
Makhleb


Innate Abilities, Weirdness & Mutations

You reflexively headbutt those who attack you in melee.
You have a pair of horns on your head.


Message History

You hit the orc priest.
The orc priest is lightly wounded.
The orc priest calls down the wrath of Beogh upon you.
Beogh smites you!
* * * LOW HITPOINT WARNING * * *
The orc priest hits you but does no damage.
Your scale mail prevents you from hitting the orc priest.
You headbutt the orc priest.
The orc priest is heavily wounded.
The orc priest hits you with a club.
* * * LOW HITPOINT WARNING * * *
You closely miss the orc priest.
The orc priest is heavily wounded.
The orc priest hits you but does no damage.
You hit the orc priest but do no damage.
You headbutt the orc priest, but do no damage.
The orc priest is heavily wounded.
The orc priest mumbles some strange prayers to Beogh against you.
Beogh smites you!
You die...

. .#$
##########...
#.@o........#
#.##.........
#. #.........
.. #........#
### #.<.....#
#.......#
#.......#
#########


You could see an orc priest.

Vanquished Creatures
  2 bullfrogs (Sewer)
  An orc wizard (D:3)
  Ijyb (D:3)
  12 adders
  An ooze (D:3)
  An adder skeleton (D:3)
  4 worms
  2 dart slugs
  5 leopard geckos
  5 orcs
  9 giant cockroaches
  18 hobgoblins
  2 jackals (D:2)
  A ball python (Sewer)
  8 bats
  10 frilled lizards
  12 goblins
  9 kobolds
  3 rats
106 creatures vanquished.

Notes
Turn   | Place    | Note
-------+----------+-------------------------------------------
     0 | D:1      | PIttos the Minotaur Fighter began the quest for the Orb.
     0 | D:1      | Reached XP level 1. HP: 19/19 MP: 0/0
   197 | D:1      | Reached XP level 2. HP: 24/27 MP: 1/1
   680 | D:2      | Found an ancient bone altar of Kikubaaqudgha.
   723 | D:2      | Reached XP level 3. HP: 33/33 MP: 2/2
   903 | D:2      | Reached XP level 4. HP: 40/40 MP: 3/3
  1072 | D:2      | Found a burning altar of Makhleb.
  1072 | D:2      | Found a hazy altar of Hepliaklqana.
  1384 | D:3      | Noticed Ijyb
  1416 | D:3      | Killed Ijyb
  1416 | D:3      | Reached XP level 5. HP: 47/47 MP: 4/4
  1516 | D:3      | Found a glowing drain.
  1537 | Sewer    | Entered a sewer
  1555 | Sewer    | Reached skill level 5 in Shields
  1774 | Sewer    | Reached skill level 5 in Axes
  1774 | Sewer    | Reached XP level 6. HP: 52/53 MP: 5/5
  1904 | D:3      | Reached skill level 1 in Dodging
  2368 | D:3      | Found a shadowy altar of Dithmenos.
  2499 | D:4      | Killed from afar by an orc priest

Skill      XL: |  1  2  3  4  5  6 |
---------------+-------------------+-----
Fighting       | 4 |  4.8
Shields        | 4 5 |  5.7
Armour         | 4 |  4.8
Axes           | 3 4 5 |  5.5
Dodging        | 1 |  1.0
Stealth        | |  0.3

Action                   |  1- 3 |  4- 6 || total
-------------------------+-------+-------++-------
Melee: War axe           |    99 |   168 ||   267
       Headbutt          |    17 |    15 ||    32
  Eat: Ration            |       |     1 ||     1
       Chunk             |       |     2 ||     2
Armor: Scale mail        |    48 |    75 ||   123
Dodge: Dodged            |    25 |    49 ||    74
Block: Shield            |    50 |    95 ||   145
